 Dungeon Crawl Stone Soup version 0.30-a0-414-gcb316572d5 (webtiles) character file.

Game seed: 13568954137988761498

96 McMuffin the Trooper (level 4, -1/41 HPs)
             Began as a Hill Orc Fighter on Dec 7, 2022.
             Slain by a gnoll
             ... wielding a +0 whip
             ... led by a gnoll sergeant
              (2 damage)
             ... on level 3 of the Dungeon.
             The game lasted 00:04:49 (655 turns).

McMuffin the Trooper (Hill Orc Fighter)              Turns: 655, Time: 00:04:50

Health: -1/41      AC:  7    Str: 20    XL:     4   Next: 67%
Magic:  4/4        EV:  9    Int:  8    God:
Gold:   37         SH:  4    Dex: 10    Spells: 3/3 levels left

rFire   . . .      SeeInvis .    a - +0 war axe
rCold   . . .      Faith    .    c - +0 buckler
rNeg    . . .      Spirit   .    b - +0 scale mail
rPois   .          Reflect  .    (no helmet)
rElec   .          Harm     .    (no cloak)
rCorr   .          Rampage  .    (no gloves)
Will    .....                    (no boots)
Stlth   ..........               (no amulet)
HPRegen 0.26/turn                (no ring)
MPRegen 0.09/turn                (no ring)

@: no status effects
A: no striking features
a: no special abilities


You were on level 3 of the Dungeon.
You visited 1 branch of the dungeon, and saw 3 of its levels.

You collected 37 gold pieces.

Inventory:

Hand Weapons
 a - a +0 war axe (weapon)
Armour
 b - a +0 scale mail (worn)
 c - a +0 buckler (worn)
Scrolls
 f - a scroll of identify {unknown}
 h - a scroll of poison {unknown}
 i - a scroll of vulnerability {unknown}
 k - a scroll of brand weapon {unknown}
Potions
 d - 2 potions of might
 e - 2 potions of mutation {unknown}
 g - a potion of heal wounds {unknown}
 j - a potion of degeneration {unknown}


   Skills:
 + Level 4.4 Fighting
 + Level 3.8 Axes
 + Level 4.0 Armour
 + Level 0.5 Dodging
 + Level 3.9 Shields


You had 3 spell levels left.
You didn't know any spells.
Your spell library contained the following spells:

 Spells                   Type           Power      Damage    Failure   Level
 Inner Flame              Hex/Fire       0%         N/A       99%         3
 Flame Wave               Conj/Fire      0%         2d4       100%        4
 Sticky Flame             Conj/Fire      0%         2d3       100%        4


Dungeon Overview and Level Annotations

Branches:
Dungeon (3/15)

Altars:


Message History

You block the gnoll's attack.
You barely miss the gnoll. You barely miss the black bear. You hit the gnoll.
You slash the gnoll! You closely miss the orc.
You hit the gnoll but do no damage.
The black bear bites you but does no damage.
The black bear closely misses you. You block the black bear's attack.
The gnoll barely misses you. The gnoll closely misses you.
The gnoll completely misses you. The orc hits you with a +0 club.
The gnoll sergeant hits you from afar with a +0 spear.
The gnoll hits you but does no damage. The gnoll barely misses you.
You barely miss the black bear. You hit the gnoll.
You completely miss the gnoll. You hit the gnoll.
You hit the orc but do no damage. You hit the gnoll but do no damage.
You block the black bear's attack. The black bear barely misses you.
You block the black bear's attack. The orc barely misses you.
The gnoll closely misses you. The gnoll hits you but does no damage.
You block the gnoll's attack.
The gnoll hits you from afar with a +0 spear!
The gnoll sergeant hits you from afar with a +0 spear.
The gnoll barely misses you.
You hit the black bear.
The black bear is lightly wounded.
You closely miss the orc.
You hit the gnoll. x2; You slash the gnoll!
You hit the gnoll. The black bear barely misses you. The black bear claws you.
You block the black bear's attack. The orc hits you but does no damage.
You block the gnoll's attack. x2; The gnoll hits you with a +0 spear.
* * * LOW HITPOINT WARNING * * *
The gnoll hits you but does no damage. The gnoll hits you with a +0 spear.
* * * LOW HITPOINT WARNING * * *
The gnoll sergeant hits you from afar with a +0 spear.
* * * LOW HITPOINT WARNING * * *
You block the gnoll sergeant's attack. The gnoll hits you but does no damage.
The black bear closely misses you. The black bear claws you.
* * * LOW HITPOINT WARNING * * *
The black bear misses you. The orc barely misses you.
The gnoll closely misses you.
The gnoll hits you from afar with a +0 spear.
* * * LOW HITPOINT WARNING * * *
The gnoll hits you with a +0 whip.
You die...

########
##....g.##
##...ogg..##
#..<..@.g..#
#....ghg...#
#..........#
#....<.......#
#.............#
#..$.............
#....#........####
#..$...........


You could see a black bear, a gnoll sergeant, 5 gnolls and an orc.

Vanquished Creatures
  Natasha (twice) (D:1)
  2 adders (D:2)
  2 worms (D:2)
  6 ball pythons
  2 giant cockroaches (D:2)
  6 goblins
  A kobold (D:1)
  2 bats
  A rat (D:1)
24 creatures vanquished.

Vanquished Creatures (others)
  A giant cockroach (D:2)
1 creature vanquished.

Grand Total: 25 creatures vanquished

Notes
Turn   | Place    | Note
-------+----------+-------------------------------------------
     0 | D:1      | McMuffin the Hill Orc Fighter began the quest for the Orb.
     0 | D:1      | Reached XP level 1. HP: 19/19 MP: 1/1
    59 | D:2      | Noticed Natasha
    61 | D:2      | Noticed a crimson imp
    80 | D:1      | Killed Natasha
    81 | D:1      | Reached XP level 2. HP: 8/27 MP: 2/2
    81 | D:1      | Reached XP level 3. HP: 10/33 MP: 3/3
   150 | D:1      | Found a faded altar of an unknown god.
   247 | D:1      | Noticed Natasha
   255 | D:1      | Killed Natasha
   256 | D:1      | Reached XP level 4. HP: 28/40 MP: 4/4
   649 | D:3      | Noticed a gnoll sergeant
   649 | D:3      | Noticed a black bear
   655 | D:3      | HP: 1/41 [gnoll/+0 spear[a gnoll sergeant] (6)]
   655 | D:3      | Slain by a gnoll

Illustrated notes

Levels and vault maps discovered:
D:1:      minmay_arrival_split_and_join, layout_loops_cross,
          nicolae_ecumenical_snake_handling
D:2:      layout_basic, dk_noncrumbling_3, minmay_ruptured, uniq_natasha
D:3:      minmay_razor_zed, layout_rooms,
          hellmonk_okawaru_the_only_friend_you_need, grunt_gozag_breadcrumbs,
          chequers_hall_statues_y, minmay_misc_feat_enclosed

Skill      XL: |  1  2  3 |
---------------+----------+-----
Fighting       | 4 |  4.4
Axes           | 3 |  3.8
Armour         | 4 |  4.0
Dodging        | |  0.5
Shields        | |  3.9

Action                   |  1- 3 |  4- 6 || total
-------------------------+-------+-------++-------
Melee: War axe           |    41 |    54 ||    95
Armor: Scale mail        |    31 |    56 ||    87
Dodge: Dodged            |    24 |    54 ||    78
Block: Buckler           |    13 |    21 ||    34

Table legend: (Time is in decaauts)
 A = Elapsed time spent in this place.
 B = Non-inter-level travel time spent in this place.
 C = Inter-level travel time spent in this place.
 D = Time resting spent in this place.
 E = Time spent auto-exploring this place.
 F = Levels seen in this place.
 G = Mean time per level.
                   A        B        C        D        E       F      G
               +--------+--------+--------+--------+--------+-----+--------+
         Total |    711 |    711 |      0 |      0 |      0 |   3 |  237.0 |
       Dungeon |    711 |    711 |      0 |      0 |      0 |   3 |  237.0 |
               +--------+--------+--------+--------+--------+-----+--------+

Top non-repeatable levels by time:
     D:2: 391 daAuts
     D:1: 313 daAuts
     D:3: 6 daAuts
